montu, chaotic male human Wizard -- ---- -.-- --- --..-- ...--- --..- ----- |..<.| ....-- |....--...---.|..| ....| -............|--- --- --...| ----........-| -- |.. |^...| |.........-- --.--..-----...-------------...-.--...| --....G........)..................|-..*| |..........).......--.....-.[..----.---- |. --....f...................| -- - --h@.----...............-| -----|.......)..........| | -.--..................---- . --....)...............- - |.....[.--.............| -..|...--|..|...--.....| |...|-..| ---|...| -....- |..--|..| --..| --...| --- ---- ---- -..| --- montu the Thaumaturge Experience level: 6 Strength: 12 Dexterity: 9 Constitution: 13 Intelligence: 16 Wisdom: 14 Charisma: 9 Health: 0(64) Energy: 58(61) Def: 6 Gold: 59 Moves: 5808 Dungeon seed: Yr_2k1dTmHYFX4vb Game ID: montu_1706045336 Your Inventory: Coins $ - 59 gold pieces Amulets S - an uncursed amulet versus poison (being worn) Weapons a - a blessed +1 quarterstaff (weapon in hands) g - 4 uncursed +0 daggers (in quiver) T - a cursed +1 quarterstaff Y - an uncursed +0 elven dagger Armor c - a cursed +0 mummy wrapping e - a blessed +3 cloak of magic resistance (being worn) n - a cursed +0 cloak of magic resistance r - an uncursed -1 pair of gauntlets of fumbling y - an uncursed -1 pair of gauntlets of fumbling z - an uncursed +0 leather armor (being worn) N - a cursed +0 cloak of magic resistance Scrolls d - 3 uncursed scrolls of genocide f - a blessed scroll of enchant weapon i - a blessed scroll of genocide k - an uncursed scroll of teleportation D - 2 uncursed scrolls of enchant weapon U - 3 uncursed scrolls of remove curse W - 3 uncursed scrolls of identify Z - an uncursed scroll of magic mapping Spellbooks L - an uncursed spellbook of charging M - an uncursed spellbook of force bolt Potions l - a cursed potion of sleeping m - 3 cursed potions of confusion s - a cursed potion of blindness H - a potion of unholy water Rings E - a cursed ring of sustain ability F - an uncursed +2 ring of searching (on left hand) Wands b - an uncursed wand of striking (0:0) o - an uncursed wand of opening (0:5) u - an uncursed wand of striking (0:8) B - a cursed wand of striking (0:2) R - a cursed wand of polymorph (0:4) Tools h - an uncursed blindfold p - an uncursed lock pick t - an uncursed wax candle (0:400) v - an uncursed skeleton key w - a cursed blindfold x - an uncursed mirror A - a blessed tallow candle (0:200) V - a cursed blindfold X - a cursed leash Gems q - a cursed chrysoberyl stone C - an uncursed worthless piece of black glass Spells and supernatural/magical abilities: Name Level Category Cost Memory a - force bolt 1 attack 6pw 91% m - magic missile 2 attack 12pw 91% n - detect monsters 1 divination 12pw 96% p - protection 1 clerical 12pw 91% s - slow monster 2 enchantment 16pw 91% C - cancellation 5 matter 62pw 97% W - pray for help -- divine ? -- Your skills at the end: Fighting Skills wands [Basic] Weapon Skills dagger [Basic] quarterstaff [Basic] Spellcasting Skills attack spells [Skilled] enchantment spells [Basic] Final Attributes: You were piously aligned. You were immune to poison. You were magic resistant. You had automatic searching. You were lucky. You last prayed 940 turns ago. Anhur was slightly pleased with you. You are dead. Vanquished creatures: a ghost 2 small mimics a human mummy 2 leprechauns a blue jelly a gnome mummy a mountain nymph an orc shaman 3 fog clouds a yellow light 3 gnome lords a gnomish wizard 2 giant ants a little dog 2 dwarves 3 kobold lords 4 hill orcs 4 rothes a centipede a giant bat a monkey a werejackal 7 iguanas 2 acid blobs a hobbit 3 manes 3 hobgoblins 2 giant rats 6 gnomes a gnome zombie 4 geckos 5 jackals a fox 5 goblins 4 grid bugs 2 bats 7 lichens 14 newts 105 creatures vanquished. Voluntary challenges: You used a wielded weapon 81 times, starting on turn 236. You read items or engraved 47 times, starting on turn 3087. You never genocided any monsters. You never polymorphed an object. You never changed form. You used no wishes. You never split a pudding. You wrote Elbereth's name 1 time, starting on turn 3285. You never violated your personal moral code. Dungeon overview: The Dungeons of Doom: levels 1 to 6 Level 1 some fountains a long staircase Level 2 a fountain Level 3 an altar to Anhur, some fountains stairs to The Gnomish Mines Level 4 Level 5 a scroll shop, a fountain Level 6 The Gnomish Mines: Level 4 <- You were here stairs to The Dungeons of Doom History has recorded: On T:1 you entered the Dungeons of Doom to retrieve the Amulet of Yendor! On T:441 you reached level 2 of The Dungeons of Doom. On T:910 you reached level 3 of The Dungeons of Doom. On T:1352 you reached level 4 of The Dungeons of Doom. On T:2021 you advanced to experience level 2. On T:2059 you reached level 5 of The Dungeons of Doom. On T:2152 you advanced to experience level 3. On T:2393 you advanced to experience level 4. On T:3281 you advanced to experience level 5. On T:4537 you reached level 6 of The Dungeons of Doom. On T:4546 you advanced to experience level 6. On T:5717 you reached level 1 of The Gnomish Mines. Score breakdown: Gold: 59 ( 6048 points) Experience: 6 levels (12456 points) Exploration: 6 levels ( 12.00%) ( 9583 points) Discoveries: 36 items ( 12.08%) (10427 points) Valuables value: (no points given unless you survive) Artifact value: 0 ( 0 points) Variety of kills: 38 monsters ( 10.00%) ( 9486 points) Turncount: 5808 turns (-1575 points) Survival: died (score multiplied by 80%) Total score: 37140 Latest messages: You miss the dwarf lady. The large cat bites the gnome lord. The dwarf lady swings her pick-axe at you. The dwarf lady hits! The dwarf lady swings her pick-axe at you. The dwarf lady hits! The gnome lord swings his thonged club at the large cat. The gnome lord misses the large cat. The large cat bites the gnome lord. You faint from lack of food. The large cat bites the gnome lord. The gnome lord swings his thonged club at the large cat. The gnome lord misses the large cat. The gnome lord swings his thonged club at the large cat. The gnome lord misses the large cat. The large cat misses the gnome lord. The dwarf lady swings her pick-axe at you. The dwarf lady hits! The dwarf lady swings her pick-axe at you. The dwarf lady hits! The large cat bites the gnome lord. The gnome lord is killed! The dwarf lady swings her pick-axe at you. The dwarf lady hits! You die... Final status: Goodbye montu the Wizard, killed by a dwarf lady, while fainted from lack of food... You died in The Gnomish Mines on dungeon level 4 with 37140 points, and 59 pieces of gold, after 5808 moves. You were level 6 with a maximum of 64 hit points when you died.